 Dungeon Crawl Stone Soup version 0.29.0-13-gc9e81de378 (webtiles) character file.

Game seed: 18308808305627291515

55 ImASeal the Sneak (level 3, -1/11 (18) HPs)
             Began as a Spriggan Brigand on Sept 7, 2022.
             Slain by an adder (3 damage)
             ... on level 3 of the Dungeon.
             The game lasted 00:04:11 (2303 turns).

ImASeal the Sneak (Spriggan Brigand)                Turns: 2303, Time: 00:04:12

HP:   -1/11 (18)    AC:  2    Str:  7    XL:     3   Next: 67%
MP:   4/4           EV: 21    Int: 12    God:
Gold: 116           SH:  0    Dex: 18    Spells: 2/2 levels left

rFire   . . .      SeeInvis +   a - +2 dagger
rCold   . . .      Faith    .   (no shield)
rNeg    . . .      Spirit   .   b - +0 robe
rPois   .          Reflect  .   (helmet restricted)
rElec   .          Harm     .   l - scarf {+Inv}
rCorr   .          Rampage  .   (gloves unavailable)
Will    .....                   (boots unavailable)
Stlth   ++++......              (no amulet)
HPRegen 0.03/turn               g - +4 ring of evasion
MPRegen 0.09/turn               (no ring)

@: lethally poisoned (-1 -> -2), flying, very heavily drained, very quick
A: very small, no large weapons, unfitting armour, see invisible, speed 3
a: Evoke Invisibility


You were on level 3 of the Dungeon.
You visited 1 branch of the dungeon, and saw 3 of its levels.

You collected 116 gold pieces.

Inventory:

Hand Weapons
 a - a +2 dagger (weapon)
 q - a +0 dagger of protection
Missiles
 d - 15 poisoned darts (quivered)
 e - 3 curare-tipped darts
Armour
 b - a +0 robe (worn)
 c - a +0 cloak
 l - a scarf of invisibility (worn)
Jewellery
 g - a +4 ring of evasion (left hand)
Scrolls
 f - 3 scrolls of teleportation {unknown}
 h - a scroll of amnesia {unknown}
 i - 3 scrolls of identify {unknown}
 j - a scroll of torment {unknown}
 m - a scroll of immolation {unknown}
 o - a scroll of brand weapon {unknown}
Potions
 k - a potion of flight
 n - 2 potions of invisibility {unknown}
 p - 2 potions of curing {unknown}


   Skills:
 + Level 2.0 Fighting
 + Level 2.5 Short Blades
 + Level 2.2 Throwing
 + Level 1.7 Dodging
 + Level 7.2 Stealth


You had 2 spell levels left.
You didn't know any spells.
Your spell library contained the following spells:

 Spells                   Type           Power      Damage    Failure   Level
 Poisonous Vapours        Pois/Air       0%         N/A       45%         2
 Corpse Rot               Necr/Pois/Air  0%         N/A       97%         4


Dungeon Overview and Level Annotations

Branches:
Dungeon (3/15)

Altars:


Innate Abilities, Weirdness & Mutations

You are very small and have problems with some larger weapons.
You are too small for most types of armour.
You have supernaturally acute eyesight. (SInv)
You cover ground extremely quickly. (Speed+++)


Message History

You puncture the goblin!
You kill the goblin!
No target in view!
You see here a +0 dagger of protection.
q - a +0 dagger of protection
Found a stone staircase leading down.
A jackal comes into view.
You see here a sedimented black potion.
Found a stone staircase leading up.
There is a stone staircase leading down here.
A hobgoblin and a giant cockroach come into view.
A hobgoblin and an adder come into view. 3 jackals come into view.
Found a sedimented black potion.
The adder hisses angrily.
The helpless jackal fails to defend itself.
You perforate the jackal like a sieve!!!
You kill the jackal!
There is a stone staircase leading down here.
You see here a sedimented black potion.
You feel drained.
You fail to use your ability.
You feel drained.
You fail to use your ability.
You feel drained.
You fail to use your ability.
Okay, then.
The adder bites you.
You are poisoned.
The adder poisons you!
You feel sick. The adder barely misses you. The adder bites you.
You feel sick. The adder barely misses you.
It was a potion of flight.
You feel very buoyant.
You fly up into the air.
* * * LOW HITPOINT WARNING * * *
You feel sick. The adder barely misses you.
Unknown command.
You barely miss the adder.
* * * LOW HITPOINT WARNING * * *
You feel sick. The adder misses you.
You hit the adder but do no damage. The adder bites you.
You die...

#.. ..P♣ # #.#
#... #. #.# #.#
#### #.# #### #..
..# #.# #...
#.##.# #.# #.##
#.#.#####.#####.##
##S...............
#@#############.##
#..# #.# #### #.#
####.# #....#
#.#### #.# ##.##
..###...####


You could see an adder.

Vanquished Creatures
  2 adders (D:2)
  3 ball pythons (D:1)
  2 bats
  5 endoplasms (D:2)
  2 giant cockroaches
  4 goblins
  3 hobgoblins
  A jackal (D:3)
  5 kobolds
  A quokka (D:1)
  A frilled lizard (D:2)
  3 rats (D:1)
32 creatures vanquished.

Vanquished Creatures (others)
  A plant (D:3)
1 creature vanquished.

Grand Total: 33 creatures vanquished

Notes
Turn   | Place    | Note
-------+----------+-------------------------------------------
     0 | D:1      | ImASeal the Spriggan Brigand began the quest for the Orb.
     0 | D:1      | Reached XP level 1. HP: 10/10 MP: 2/2
   323 | D:1      | Reached skill level 6 in Stealth
   444 | D:1      | Reached XP level 2. HP: 15/15 MP: 3/3
   579 | D:1      | You fall into a shaft and drop 1 floor!
   948 | D:2      | Reached XP level 3. HP: 18/18 MP: 4/4
   955 | D:2      | Reached skill level 7 in Stealth
  1959 | D:2      | Found a faded altar of an unknown god.
  2303 | D:3      | Slain by an adder

Illustrated notes

Levels and vault maps discovered:
D:1:      nicolae_arrival_somewhat_less_tricky_arrival, layout_loops_corners,
          chequers_serial_rivers_micro_a, minivault_14
D:2:      layout_loops_ring, hellmonk_ecumenical_altar_arch_garden
D:3:      layout_loops_ring, grunt_ministairs_14, serial_bayou_pond_b,
          kennysheep_generic_room_6

Skill      XL: |  1  2  3 |
---------------+----------+-----
Stealth        | 6 7 |  7.2
Fighting       | 2 |  2.0
Short Blades   | |  2.5
Throwing       | |  2.2
Dodging        | |  1.7

Action                   || total
-------------------------++-------
Melee: Dagger            ||    88
  Use: Potion            ||     1
 Stab: Sleeping          ||    11
       Distracted        ||     1
Armor: Robe              ||     3
Dodge: Dodged            ||    59
